 Dungeon Crawl Stone Soup version 0.24.0-125-gc4c63601f3 (webtiles) character file.

Game seed: 6543008140663894443, levelgen mode: deterministic

170360 DavidChitty2 the Tortoise (level 17, -4/115 HPs)
             Began as a Gargoyle Fighter on Mar 17, 2020.
             Was the Champion of Okawaru.
             Slain by a spatial maelstrom (5 damage)
             ... on level 4 of the Abyss on Mar 18, 2020.
             The game lasted 00:50:43 (29426 turns).

DavidChitty2 the Tortoise (Gargoyle Fighter)       Turns: 29426, Time: 00:50:44

Health: -4/115     AC: 44    Str: 25    XL:     17   Next: 99%
Magic:  0/23       EV:  6    Int:  9    God:    Okawaru [******]
Gold:   2646       SH: 21    Dex: 12    Spells: 16/16 levels left

rFire    + + +     SeeInvis .   a - +1 eveningstar of Okawaru's Hope {venom, +Fly rF+}
rCold    + . .     Gourm    .   I - +0 large shield
rNeg     + . .     Faith    .   h - +0 plate armour
rPois    ∞         Spirit   +   W - +0 hat {MR+}
rElec    +         Reflect  .   D - +0 cloak {+Inv}
rCorr    .         Harm     .   F - +2 pair of gloves {Dex+3}
MR       +++..                  K - +0 pair of boots of the Grue {rF+++ rC+ Int-2 Stlth+}
Stlth    ..........             E - amulet of guardian spirit
HPRegen  0.29/turn              s - +6 ring of protection
MPRegen  0.18/turn              l - ring of protection from magic

@: about to teleport, flying
A: big wings, negative energy resistance 1, electricity resistance, unbreathing,
petrification resistance, rot immunity, AC +12
a: Stop Flying, Heroism, Finesse, Renounce Religion, Evoke Invisibility


You were on level 4 of the Abyss.
You worshipped Okawaru.
Okawaru was exalted by your worship.
You were not hungry.

You visited 5 branches of the dungeon, and saw 28 of its levels.
You visited the Abyss 1 time.
You also visited: Gauntlet.

You collected 2971 gold pieces.
You spent 325 gold pieces at shops.

Inventory:

Hand Weapons
 a - the +1 eveningstar of Okawaru's Hope (weapon) {venom, +Fly rF+}
   (Okawaru gifted it to you on level 5 of the Lair of Beasts)

   It poisons the flesh of those it strikes.
   It protects you from fire.
   It lets you fly.
Missiles
 J - 5 throwing nets (quivered) {!f}
Armour
 h - a +0 plate armour (worn)
   (You found it on level 1 of the Dungeon)
 D - a +0 cloak of invisibility (worn)
   (Okawaru gifted it to you on level 13 of the Dungeon)
 F - a +2 pair of gloves of dexterity (worn)
   (Okawaru gifted it to you on level 3 of the Lair of Beasts)
 I - a +0 large shield (worn)
   (You took it off a naga warrior on level 2 of the Snake Pit)
 K - the +0 pair of boots of the Grue (worn) {rF+++ rC+ Int-2 Stlth+}
   (You acquired it on level 15 of the Dungeon)

   It affects your intelligence (-2).
   It renders you almost immune to fire.
   It protects you from cold.
   It makes you more stealthy.
 O - a +2 helmet of intelligence
   (You found it on level 13 of the Dungeon)
 W - a +0 hat of magic resistance (worn)
   (You found it on level 1 of the Orcish Mines)
Jewellery
 l - a ring of protection from magic (right hand)
   (You bought it in a shop on level 5 of the Dungeon)
 s - a +6 ring of protection (left hand)
   (You found it on level 3 of the Dungeon)
 z - an uncursed ring of see invisible
   (You found it on level 6 of the Dungeon)
 E - an amulet of guardian spirit (around neck)
   (You found it on level 4 of the Dungeon)
Wands
 c - a wand of disintegration (36)
   (You found it on level 3 of the Dungeon)
 t - a wand of flame (65)
   (You found it on level 8 of the Dungeon)
 v - a wand of digging (3)
   (You found it on level 14 of the Dungeon)
 x - a wand of acid (27)
   (You found it on level 2 of the Dungeon)
 B - a wand of scattershot (3)
   (You found it on level 9 of the Dungeon)
 G - a wand of polymorph (19)
   (You found it on level 3 of the Lair of Beasts)
 S - a wand of enslavement (26)
   (You found it on level 15 of the Dungeon)
Scrolls
 b - 5 scrolls of fog
 k - 4 scrolls of fear
 m - 10 scrolls of teleportation {@r4}
 r - a scroll of brand weapon
 u - 6 scrolls of enchant weapon
 A - 11 scrolls of remove curse {@r2}
 L - 2 scrolls of vulnerability {!r}
 M - a scroll of blinking
 N - 3 scrolls of enchant armour
 Q - 6 scrolls of identify {@r1}
Potions
 d - 3 potions of might
 f - 6 potions of lignification {!q}
 g - 4 potions of haste {@q3}
 i - 3 potions of mutation {!q}
 j - 3 potions of resistance
 n - 14 potions of curing {@q1}
 o - 3 potions of ambrosia
 p - 2 potions of flight
 q - 6 potions of brilliance
 w - 6 potions of agility
 y - 10 potions of heal wounds {@q2}
 C - 4 potions of cancellation
 H - 2 potions of magic
Miscellaneous
 T - a fan of gales
   (You found it in a Gauntlet)
 U - a lamp of fire
   (You found it in a Gauntlet)
Comestibles
 e - 50 rations {!d}


   Skills:
 + Level 16.1 Fighting
 - Level 16.0 Maces & Flails
 + Level 18.7 Armour
 + Level 16.2 Shields
 - Level 8.0 Invocations
 - Level 5.0 Evocations


You had 16 spell levels left.
You didn't know any spells.
Your spell library contained the following spells:

 Spells                   Type           Power        Failure   Level  Hunger
 Animate Skeleton         Necr           N/A          100%        1    ##.....
 Apportation              Tloc           #.....       100%        1    ##.....
 Beastly Appendage        Tmut           #.....       100%        1    ##.....
 Confusing Touch          Hex            #.....       100%        1    ##.....
 Corona                   Hex            #......      100%        1    ##.....
 Magic Dart               Conj           #...         100%        1    ##.....
 Pain                     Necr           #...         100%        1    ##.....
 Sandblast                Erth           #.....       100%        1    ##.....
 Summon Butterflies       Summ           #.......     100%        1    ##.....
 Summon Small Mammal      Summ           #...         100%        1    ##.....
 Blink                    Tloc           N/A          100%        2    ###....
 Call Imp                 Summ           #.......     100%        2    ###....
 Passwall                 Tmut/Erth      #.......     100%        2    ###....
 Poisonous Vapours        Pois/Air       #.....       100%        2    ###....
 Searing Ray              Conj           #.....       100%        2    ###....
 Shroud of Golubria       Chrm/Tloc      #.....       100%        2    ###....
 Slow                     Hex            #.......     100%        2    ###....
 Sticks to Snakes         Tmut           #.......     100%        2    ###....
 Call Canine Familiar     Summ           #.......     100%        3    ####...
 Confuse                  Hex            #.......     100%        3    ####...
 Conjure Flame            Conj/Fire      #.......     100%        3    ####...
 Dazzling Spray           Conj/Hex       #.....       100%        3    ####...
 Gell's Gravitas          Tloc           #.........   100%        3    ####...
 Inner Flame              Hex/Fire       #.......     100%        3    ####...
 Lesser Beckoning         Tloc           #.........   100%        3    ####...
 Mephitic Cloud           Conj/Pois/Air  #.......     100%        3    ####...
 Portal Projectile        Hex/Tloc       #.....       100%        3    ####...
 Regeneration             Chrm/Necr      #.........   100%        3    ####...
 Spider Form              Tmut/Pois      #.........   100%        3    ####...
 Stone Arrow              Conj/Erth      #.....       100%        3    ####...
 Summon Guardian Golem    Hex/Summ       #.......     100%        3    ####...
 Teleport Other           Tloc           #.......     100%        3    ####...
 Tukima's Dance           Hex            #.......     100%        3    ####...
 Vampiric Draining        Necr           #.........   100%        3    ####...
 Animate Dead             Necr           N/A          100%        4    #####..
 Cause Fear               Hex            #.........   100%        4    #####..
 Force Lance              Conj/Tloc      #.......     100%        4    #####..
 Fulminant Prism          Conj/Hex       #.........   100%        4    #####..
 Ice Form                 Ice/Tmut       #.......     100%        4    #####..
 Iskenderun's Mystic Bla  Conj           #.......     100%        4    #####..
 Leda's Liquefaction      Hex/Erth       #.........   100%        4    #####..
 Passage of Golubria      Tloc           N/A          100%        4    #####..
 Petrify                  Tmut/Erth      #.......     100%        4    #####..
 Summon Ice Beast         Ice/Summ       #.......     100%        4    #####..
 Summon Lightning Spire   Summ/Air       #.......     100%        4    #####..
 Alistair's Intoxication  Tmut/Pois      #.......     100%        5    ######.
 Blade Hands              Tmut           #.........   100%        5    ######.
 Bolt of Magma            Conj/Fire/Erth #.........   100%        5    ######.
 Iskenderun's Battlesphe  Conj/Chrm      #.......     100%        5    ######.
 Lee's Rapid Deconstruct  Erth           #.........   100%        5    ######.
 Metabolic Englaciation   Hex/Ice        #.........   100%        5    ######.
 Venom Bolt               Conj/Pois      #.........   100%        5    ######.
 Yara's Violent Unravell  Hex/Tmut       #.........   100%        5    ######.
 Freezing Cloud           Conj/Ice/Air   #.........   100%        6    #######
 Invisibility             Hex            #.......     100%        6    #######
 Iron Shot                Conj/Erth      #.........   100%        6    #######
 Orb of Destruction       Conj           #.........   100%        7    #######
 Ring of Flames           Chrm/Fire      #.........   100%        7    #######
 Spellforged Servitor     Conj/Summ      #.........   100%        7    #######
 Shatter                  Erth           #.........   100%        9    #######
 Statue Form              Tmut/Erth      Unusable     N/A         6    N/A

Dungeon Overview and Level Annotations

Branches:
Dungeon (15/15)            Temple (1/1) D:5            Lair (6/6) D:9
  Swamp (0/4) Lair:4        Snake (4/4) Lair:4        Slime (0/5) Lair:5
    Orc (2/2) D:9             Elf (0/3) Orc:2        Vaults (0/5) D:14
 Depths (0/5) D:15        Gauntlet (visited)

Altars:
Ashenzari
Cheibriados
Dithmenos
Elyvilon
Fedhas
Gozag
Hepliaklqana
Kikubaaqudgha
Makhleb
Nemelex Xobeh
Okawaru
Qazlal
Ru
Sif Muna
Trog
Uskayaw
Vehumet
Wu Jian
Xom
Yredelemnul
Zin
The Shining One
Beogh

Shops:
D:5 =[   Orc:2 (}([   Snake:2 [

Annotations:
Snake:2 Roxanne
Snake:4 Saint Roka, Vashnia


Innate Abilities, Weirdness & Mutations

You are resistant to torment.
Your stone body is resilient. (AC +12)
You are immune to poison.
Your large and strong wings let you fly indefinitely.
You resist negative energy. (rN+)
You are resistant to electric shocks. (rElec)
You can survive without breathing.
You are immune to petrification.
You are immune to rotting.


Message History

A tentacle flies out from the starspawn's body!
You block the rakshasa's attack.
A starspawn tentacle comes into view.
You block the rakshasa's attack.
You block the starspawn tentacle's attack. 2 spatial vortices come into view.
A chorus of shrieks assaults your mind.
* * * LOW HITPOINT WARNING * * *
You block the rakshasa's attack.
You block the starspawn tentacle's attack.
A spatial vortex comes into view.
A great orb of eyes comes into view.
The great orb of eyes turns its gaze towards you.
A chorus of shrieks assaults your mind.
* * * LOW HITPOINT WARNING * * *
The great orb of eyes gazes at you. You resist with almost no effort.
You block the starspawn tentacle's attack.
The spatial maelstrom hits you but does no damage.
You block the spatial maelstrom's attack.
A small abomination comes into view.
The rakshasa weaves an illusion.
The tentacled starspawn shimmers and seems to become two!
A chorus of shrieks assaults your mind.
* * * LOW HITPOINT WARNING * * *
You block the spatial maelstrom's attack.
The spatial maelstrom completely misses you.
The rakshasa weaves an illusion.
The spatial maelstrom shimmers and seems to become two!
You block the spatial maelstrom's attack.
The spatial maelstrom hits you but does no damage.
A chorus of shrieks assaults your mind.
* * * LOW HITPOINT WARNING * * *
The rakshasa blinks!
Tentacles burst from the starspawn's body!
You block the spatial maelstrom's attack. x2
The spatial maelstrom hits you.
* * * LOW HITPOINT WARNING * * *
Space warps horribly around you!!
* * * LOW HITPOINT WARNING * * *
The spatial maelstrom hits you but does no damage. 2 starspawn tentacles come into view.
You block the spatial maelstrom's attack. x2
The great orb of eyes bites you but does no damage.
Tentacles burst from the starspawn's body!
You block the spatial maelstrom's attack.
The spatial maelstrom hits you!
* * * LOW HITPOINT WARNING * * *
Space bends around you.
You die...

..###.... . ...... ..
#.#..... #.........
###..#....###.......#.#
........##...........
#.#.................
#...#x....v.... .#
#...wX.XXv.....# .
#.##.Gvvw..........#
#.....@XXw.§...#.##..
##.#....w.X..##v##
##...#...####.##
#..#...### .# ####..∩.
.## ##.#.#.## ####.##
##.


You could see 2 starcursed masses, 2 tentacled starspawn, 2 spatial maelstroms,
a great orb of eyes, 2 spatial vortices, 2 large abominations, a small
abomination and 4 starspawn tentacles.

Vanquished Creatures
  Mara (Snake:3)
  A tengu reaver (D:12)
  The ghost of Lyniq the Alchemist, a journeyman DrTm of Wu Jian (D:15)
  6 nagarajas
  Aizul (Snake:2)
  2 minotaurs
  2 yaktaur captains
  Fannar (Orc:1)
  Harold (D:10)
  Erolcha (Orc:2)
  11 naga warriors
  3 hydras
  A catoblepas (Lair:6)
  5 centaur warriors
  5 ogre magi
  14 anacondas
  A deep troll shaman (Lair:6)
  11 death yaks
  16 two-headed ogres
  A tengu warrior (D:15)
  8 naga sharpshooters
  Urug (Orc:1)
  7 shock serpents
  An orc high priest (Orc:2)
  2 salamander mystics
  2 unseen horrors
  A wizard (Gauntlet)
  8 naga ritualists
  An orc knight (D:15)
  A necromancer (D:14)
  2 lindwurms
  11 mana vipers
  A harpy (shapeshifter) (Gauntlet)
  A wolf spider zombie (D:13)
  3 deep elf magi
  2 manticores
  A wolf spider (Gauntlet)
  4 ugly things (D:15)
  An orc sorcerer (Orc:2)
  4 cyclopes (D:15)
  9 salamanders
  31 black mambas
  A moth of wrath (Gauntlet)
  Maurice (Orc:2)
  10 naga magi
  2 guardian serpents
  Joseph (D:9)
  7 elephants (Lair:6)
  5 centaur skeletons
  13 spiny frogs
  2 gargoyles (D:15)
  4 rime drakes
  A kobold demonologist (D:14)
  2 tengu conjurers (D:15)
  An efreet (D:13)
  11 komodo dragons
  A minotaur zombie (Gauntlet)
  8 trolls
  2 polar bears
  Prince Ribbit (D:5)
  3 bog bodies (Lair:4)
  15 blink frogs
  4 dream sheep (Lair:5)
  3 slime creatures (D:15)
  9 hippogriffs
  3 shadows
  4 redbacks (Gauntlet)
  A wraith (D:14)
  5 starcursed masses (Abyss:4)
  5 wyverns
  47 yaks
  A basilisk (Lair:2)
  12 vampire mosquitoes
  2 hungry ghosts
  A steam dragon (D:10)
  2 swamp worms (Lair:4)
  2 wargs
  39 nagas
  An acid dragon (D:15)
  A swamp drake (Orc:1)
  7 porcupines
  16 water moccasins
  17 orc warriors
  3 black bears
  32 ogres
  4 sky beasts
  An eye of draining (shapeshifter) (D:15)
  4 ice beasts
  An eye of draining (D:12)
  A phantom (D:14)
  13 wolves
  15 crocodiles
  21 centaurs
  A crocodile (shapeshifter) (D:15)
  2 big kobolds
  A gnoll sergeant (D:13)
  30 bullfrogs
  2 wyvern zombies
  4 scorpions
  A water moccasin skeleton (D:6)
  14 wights
  6 killer bees
  8 electric eels
  2 howler monkeys
  6 crimson imps
  A quasit (D:10)
  3 bullfrog zombies
  3 centaur zombies
  18 jellies
  19 orc wizards
  15 orc priests
  A bullfrog skeleton (D:11)
  3 hounds
  An iron imp (Orc:1)
  Terence (D:2)
  6 iguanas
  8 worker ants
  3 hound zombies
  12 adders
  4 gnolls
  6 shadow imps
  2 white imps
  10 oozes
  An adder zombie (D:6)
  3 adder skeletons
  A dart slug (D:1)
  11 leopard geckos
  84 orcs
  7 giant cockroaches
  15 hobgoblins
  7 jackals
  21 kobolds
  6 quokkas
  3 ball pythons
  7 bats
  10 frilled lizards
  9 goblins
  A leopard gecko skeleton (D:4)
  9 rats
  A starspawn tentacle (Abyss:4)
944 creatures vanquished.

Vanquished Creatures (others)
  A bog body (Lair:4)
  A human (D:2)
  4 orcs
  A fungus (Lair:5)
  2 plants
  2 starspawn tentacles (Abyss:4)
  11 toadstools (D:4)
22 creatures vanquished.

Grand Total: 966 creatures vanquished

Notes
Turn   | Place    | Note
-------+----------+-------------------------------------------
     0 | D:1      | DavidChitty2 the Gargoyle Fighter began the quest for the
                  | Orb.
     0 | D:1      | Reached XP level 1. HP: 14/14 MP: 1/1
   104 | D:1      | Reached XP level 2. HP: 19/19 MP: 2/2
   178 | D:1      | Reached XP level 3. HP: 23/23 MP: 3/3
   591 | D:1      | Reached XP level 4. HP: 29/29 MP: 4/4
   679 | D:2      | Noticed Terence
   694 | D:2      | Killed Terence
   821 | D:2      | Found an ancient bone altar of Kikubaaqudgha.
   822 | D:2      | Noticed a human
   824 | D:2      | Killed a human
   870 | D:2      | Found a faded altar of an unknown god.
  1047 | D:2      | Reached skill level 4 in Armour
  1185 | D:2      | Reached XP level 5. HP: 31/33 MP: 5/5
  2198 | D:3      | Found a hazy altar of Hepliaklqana.
  2212 | D:3      | Found a radiant altar of Vehumet.
  2215 | D:3      | Found a sacrificial altar of Ru.
  2223 | D:3      | Found a bloodstained altar of Trog.
  2452 | D:4      | Reached XP level 6. HP: 35/39 MP: 6/6
  2519 | D:4      | Found an iron altar of Okawaru.
  2534 | D:4      | Became a worshipper of Warmaster Okawaru
  3057 | D:4      | Reached skill level 1 in Invocations
  3057 | D:4      | Reached XP level 7. HP: 31/44 MP: 7/7
  3325 | D:4      | Reached skill level 5 in Maces & Flails
  3684 | D:4      | Reached skill level 5 in Shields
  3691 | D:4      | Reached skill level 5 in Armour
  3803 | D:5      | Entered Level 5 of the Dungeon
  3943 | D:4      | Reached * piety under Okawaru
  3943 | D:4      | Reached skill level 5 in Fighting
  4040 | D:5      | Noticed Prince Ribbit
  4048 | D:5      | Killed Prince Ribbit
  4048 | D:5      | Reached XP level 8. HP: 49/49 MP: 5/9
  4324 | D:5      | Found Qaor's Jewellery Boutique.
  4392 | D:5      | Found Wesu's Antique Armour Emporium.
  4403 | D:5      | Found a staircase to the Ecumenical Temple.
  4412 | D:5      | Found a snail-covered altar of Cheibriados.
  4416 | Temple   | Entered the Ecumenical Temple
  4994 | D:6      | Reached ** piety under Okawaru
  5168 | D:6      | Reached skill level 6 in Armour
  5217 | D:6      | Found a glowing golden altar of the Shining One.
  5262 | D:6      | Reached XP level 9. HP: 55/55 MP: 11/11
  6367 | D:7      | Reached *** piety under Okawaru
  6830 | D:8      | Found a shadowy altar of Dithmenos.
  6913 | D:8      | Received a gift from Okawaru
  6913 | D:8      | Reached skill level 5 in Invocations
  7037 | D:8      | Reached skill level 7 in Armour
  7212 | D:8      | Reached XP level 10. HP: 63/63 MP: 14/14
  7385 | D:8      | Reached **** piety under Okawaru
  7398 | D:8      | Found a roughly hewn altar of Beogh.
  7706 | D:9      | Noticed Joseph
  7729 | D:9      | Killed Joseph
  7988 | D:9      | Found a staircase to the Lair.
  8460 | D:9      | Found a staircase to the Orcish Mines.
  8543 | D:10     | Entered Level 10 of the Dungeon
  8548 | D:10     | Found a shimmering altar of Xom.
  8572 | D:10     | Reached skill level 8 in Armour
  8601 | D:10     | Noticed Harold
  8619 | D:10     | Killed Harold
  8619 | D:10     | Reached ***** piety under Okawaru
  8619 | D:10     | Reached XP level 11. HP: 32/68 MP: 4/16
  8798 | D:10     | Reached skill level 10 in Maces & Flails
  8806 | D:10     | Received a gift from Okawaru
  8807 | D:10     | Got a translucent quarterstaff {god gift}
  8983 | D:10     | Got an iridescent trident
  9878 | Lair:1   | Entered Level 1 of the Lair of Beasts
 10287 | Lair:1   | Received a gift from Okawaru
 10488 | Lair:1   | Reached skill level 9 in Armour
 10494 | Lair:1   | Noticed a five-headed hydra
 10505 | Lair:1   | Killed a five-headed hydra
 10641 | Lair:1   | Reached XP level 12. HP: 41/76 MP: 12/18
 11723 | Lair:2   | Got a polished leather armour
 12306 | Lair:3   | Noticed a six-headed hydra
 12337 | Lair:3   | Killed a six-headed hydra
 12678 | Lair:3   | Reached skill level 10 in Fighting
 12678 | Lair:3   | Reached skill level 10 in Armour
 12682 | Lair:3   | Reached skill level 10 in Shields
 12925 | Lair:3   | Received a gift from Okawaru
 13303 | Lair:4   | Found a staircase to the Snake Pit.
 13446 | Lair:4   | Reached XP level 13. HP: 57/83 MP: 15/19
 14106 | Lair:4   | Found a staircase to the Swamp.
 14422 | Lair:5   | Found a staircase to the Slime Pits.
 14787 | Lair:5   | Received a gift from Okawaru
 14787 | Lair:5   | Reached skill level 11 in Armour
 14803 | Lair:5   | Got a crude eveningstar {god gift}
 14818 | Lair:5   | Identified the +1 eveningstar of Okawaru's Hope {venom,
                  | +Fly rF+} (Okawaru gifted it to you on level 5 of the Lair
                  | of Beasts)
 15270 | Lair:6   | Entered Level 6 of the Lair of Beasts
 15342 | Lair:6   | Got an encrusted long sword
 15373 | Lair:6   | Got a brightly glowing flail
 15484 | Lair:6   | Received a gift from Okawaru
 15489 | Lair:6   | Got a wizard robe {god gift}
 15556 | Lair:6   | Gained mutation: Your large and strong wings let you fly
                  | indefinitely. [Gargoyle growth]
 15556 | Lair:6   | Reached XP level 14. HP: 48/90 MP: 11/20
 16777 | D:11     | Reached skill level 12 in Armour
 17283 | D:12     | Identified the +4 flail of Wishaog {freeze, *Slow rN+++
                  | Str-5 Int+6} (You found it on level 6 of the Lair of
                  | Beasts)
 17589 | D:12     | Noticed a tengu reaver
 17617 | D:12     | Killed a tengu reaver
 17617 | D:12     | Received a gift from Okawaru
 18333 | D:13     | Reached skill level 15 in Maces & Flails
 18357 | D:13     | Reached ****** piety under Okawaru
 18404 | D:13     | Received a gift from Okawaru
 18642 | D:13     | Received a gift from Okawaru
 18889 | D:14     | Reached skill level 1 in Evocations
 18939 | D:14     | Reached skill level 13 in Armour
 19074 | D:14     | Found a gate to the Vaults.
 19137 | D:14     | Reached XP level 15. HP: 97/97 MP: 19/21
 19630 | D:15     | Entered Level 15 of the Dungeon
 19796 | D:15     | Found a gate leading to a gauntlet.
 19818 | Gauntlet | Entered a Gauntlet
 19818 | Gauntlet | Found a transporter.
 19825 | Gauntlet | Found a transporter.
 19827 | Gauntlet | Found a transporter.
 19835 | Gauntlet | Found a runed translucent door.
 19838 | Gauntlet | Found a transporter.
 19847 | Gauntlet | Found the amulet of the Air {Inacc +Fly rElec EV+5 RMsl}
 19849 | Gauntlet | Found a transporter.
 19868 | Gauntlet | Found a transporter.
 19878 | Gauntlet | Found a transporter.
 19888 | Gauntlet | Found a transporter.
 19908 | Gauntlet | Found a transporter.
 19923 | Gauntlet | Found a transporter.
 19970 | Gauntlet | Found a transporter.
 19972 | Gauntlet | Found a transporter.
 19988 | Gauntlet | Found a transporter.
 20001 | Gauntlet | Found a transporter.
 20928 | D:15     | Found a staircase to the Depths.
 21009 | D:15     | Received a gift from Okawaru
 21162 | D:15     | Noticed Lyniq's ghost (journeyman DrTm)
 21207 | D:15     | Found a runed translucent gate.
 21207 | D:15     | Found a runed translucent gate.
 21207 | D:15     | Found a runed translucent gate.
 21722 | D:15     | Identified a scroll of acquirement
 21723 | D:15     | Got a pair of twisted boots
 21734 | D:15     | Identified the +0 pair of boots of the Grue {rF+++ rC+
                  | Int-2 Stlth+} (You acquired it on level 15 of the Dungeon)
 21785 | D:15     | Killed Lyniq's ghost
 21988 | D:5      | Bought an uncursed ring of protection from magic for 325
                  | gold pieces
 22059 | Orc:1    | Entered Level 1 of the Orcish Mines
 22379 | Orc:1    | Noticed Urug
 22382 | Orc:1    | Noticed Fannar
 22391 | Orc:1    | Killed Urug
 22391 | Orc:1    | Reached skill level 14 in Armour
 22411 | Orc:1    | Killed Fannar
 22411 | Orc:1    | Reached skill level 5 in Evocations
 22678 | Orc:2    | Entered Level 2 of the Orcish Mines
 22696 | Orc:2    | Noticed Maurice
 22713 | Orc:2    | Killed Maurice
 22945 | Orc:2    | Found a staircase to the Elven Halls.
 22978 | Orc:2    | Found a roughly hewn altar of Beogh.
 23075 | Orc:2    | Noticed Erolcha
 23086 | Orc:2    | Reached XP level 16. HP: 101/104 MP: 12/22
 23107 | Orc:2    | Reached skill level 15 in Armour
 23193 | Orc:2    | Killed Erolcha
 23197 | Orc:2    | HP: 3/105 [ogre mage/crystal spear (28)]
 23632 | Orc:2    | Found Jeliub Weiw's Armour Shoppe.
 23632 | Orc:2    | Found Waheg's Weapon Shop.
 23633 | Orc:2    | Found Ykuatiukk's Gadget Shop.
 23633 | Orc:2    | Found Wiohexou's Weapon Emporium.
 23968 | Snake:1  | Entered Level 1 of the Snake Pit
 24015 | Lair:4   | Received a gift from Okawaru
 24409 | Snake:1  | You are sucked into a shaft and drop 1 floor!
 24433 | Snake:2  | Reached skill level 16 in Armour
 25988 | Snake:2  | Noticed a nagaraja
 26000 | Snake:2  | Received a gift from Okawaru
 26000 | Snake:2  | Reached skill level 17 in Armour
 26009 | Snake:2  | Killed a nagaraja
 26063 | Snake:2  | Identified Roxanne's Papyrus of Transformation
 26063 | Snake:2  | Noticed Roxanne
 26147 | Snake:2  | Noticed Aizul
 26169 | Snake:2  | Killed Aizul
 26175 | Snake:2  | Found Juumec's Armour Boutique.
 26209 | Snake:2  | Reached XP level 17. HP: 104/112 MP: 23/23
 26295 | Snake:2  | Reached skill level 15 in Fighting
 26295 | Snake:2  | Reached skill level 15 in Shields
 27001 | Snake:3  | Noticed Mara
 27055 | Snake:3  | Killed Mara
 27055 | Snake:3  | Received a gift from Okawaru
 27055 | Snake:3  | Reached skill level 18 in Armour
 27998 | Snake:4  | Entered Level 4 of the Snake Pit
 28399 | Snake:4  | Noticed Vashnia
 28444 | Snake:4  | Received a gift from Okawaru
 28969 | Snake:4  | Noticed Saint Roka
 29243 | Snake:4  | Cast into level 4 of the Abyss (Vashnia)
 29398 | Abyss:4  | Noticed a tentacled starspawn
 29426 | Abyss:4  | HP: 1/115 [spatial maelstrom (8)]
 29426 | Abyss:4  | Slain by a spatial maelstrom

Levels and vault maps discovered:
D:1:      matt_arrival_refuge, layout_rooms, st_stairs_8,
          kennysheep_another_room, minmay_nonomino_d4
D:2:      layout_loops_cross, chequers_ecumenical_altar_simple_redux,
          tgw_kikubaaqudgha, uniq_terence
D:3:      minmay_door_path, layout_loops_ring, grunt_temple_overflow_cloverleaf,
          hex_tiny, grunt_decor_arrowhead
D:4:      cheibrodos_fertilizer, layout_basic, okawaru_metal_pillars_1_2
D:5:      layout_rooms, temple_fountains, serial_shops,
          nicolae_shop_competitors_out_of_business, shop, first_ration,
          cheibriados_altar_1, uniq_prince_ribbit1
D:6:      layout_layer_cave, basic_altar, st_stairs_12
D:7:      layout_basic, nicolae_benzene_ring
D:8:      layout_gridville, lemuel_crystal_altar, special_room
          [special_room_orc], blue_anna_alchemist [blue_anna_fruit_fields,
          blue_anna_fruit_fields], grunt_ministairs_7, minivault_5,
          kennysheep_decorative_pillar
D:9:      layout_rooms, dpeg_oklobed_lair, orc_0_dummy, uniq_joseph
D:10:     cheibrodos_two_vegetables, layout_irregular_city, basic_altar,
          uniq_harold
D:11:     layout_long_grid
D:12:     layout_long_grid, minivault_25_ag, bh_walls_and_bars
D:13:     layout_basic
D:14:     layout_irregular_city, david_vaults_1,
          eino_small_chamber_without_monster, nicolae_two_hexagons
D:15:     grunt_enter_depths_snipers, layout_basic, amethyst_killhole,
          portal_ice_cave_rime, gauntlet_entry_generic,
          maelrawn_ghost_gauntlet_escape
Temple:   minmay_crystal_spiral_temple
Lair:1:   layout_gridlike, grunt_megastairs_1, lemuel_fruit_tree
Lair:2:   layout_roguey, chequers_serial_rivers_small_3, beast_lair_carwin_2,
          grunt_megastairs_5
Lair:3:   layout_gridlike, grunt_megastairs_4
Lair:4:   layout_regular_city, nicolae_swamp_entry_splash_gauntlet,
          guppyfry_snake_entry_island, lemuel_fruit_fields, serial_bayou_shore_b
Lair:5:   layout_roguey, minmay_slime_entry_jelly_boxes, grunt_megastairs_2
Lair:6:   grunt_lair_end_beastmaster, layout_cave_shapes, st_stairs_3,
          serial_bayou_shore_b, serial_bayou_shore_b
Snake:1:  layout_onion_interference, grunt_ministairs_13, st_stairs_4
Snake:2:  layout_basic, serial_shops, shop, grunt_ministairs_14, uniq_aizul,
          uniq_roxanne
Snake:3:  layout_grid_maze, uniq_mara
Snake:4:  snake_pit, layout_onion, uniq_vashnia, uniq_saint_roka
Orc:1:    layout_diamond_mine, hangedman_minor_magic, uniq_fannar, uniq_urug
Orc:2:    st_orc_ogre_mass, layout_caves, mines1_david, uniq_erolcha,
          uniq_maurice
Abyss:4:  base: Lair:6, evilmike_nicolae_abyss_rune_betentacled_crabyss

Skill      XL: |  1  2  3  4  5  6  7  8  9 10 11 12 13 14 15 16 17 |
---------------+----------------------------------------------------+-----
Maces & Flails | 3 4 5 6 8 9 11 12 14 15 16 | 16.0
Armour         | 4 5 6 7 8 9 10 11 13 14 17 18 | 18.7
Shields        | 4 5 6 7 8 9 10 11 12 13 14 16 | 16.2
Fighting       | 4 5 6 7 8 9 10 11 12 13 14 16 | 16.1
Invocations    | 1 2 3 5 6 8 |  8.0
Evocations     | 2 5 |  5.0

Action                   |  1- 3 |  4- 6 |  7- 9 | 10-12 | 13-15 | 16-18 || total
-------------------------+-------+-------+-------+-------+-------+-------++-------
Melee: Flail             |   186 |   316 |   450 |  1012 |   219 |       ||  2183
       Eveningstar       |       |       |       |       |  1207 |  1260 ||  2467
Invok: Heroism           |       |       |     2 |     7 |    12 |    12 ||    33
       Finesse           |       |       |       |     2 |     5 |     3 ||    10
 Abil: Fly               |       |       |       |       |     1 |       ||     1
       Evoke Invisibilit |       |       |       |       |     2 |       ||     2
Evoke: Wand              |       |       |       |    12 |       |     5 ||    17
  Use: Scroll            |       |       |    16 |     9 |    12 |     4 ||    41
 Stab: Petrified         |       |       |       |       |     5 |       ||     5
       Petrifying        |       |       |       |       |     2 |       ||     2
       Invisible         |       |       |       |       |    10 |     5 ||    15
  Eat: Chunk             |       |     8 |    14 |    19 |    24 |     2 ||    67
       Ration            |       |       |       |     1 |     3 |     6 ||    10
Armor: Plate armour      |   187 |   216 |   344 |   706 |   781 |   596 ||  2830
       Scale mail        |     5 |       |       |       |       |       ||     5
Dodge: Dodged            |    45 |    56 |    84 |   245 |   328 |   222 ||   980
       Deflected         |       |       |     1 |     7 |     7 |       ||    15
Block: Shield            |   130 |   185 |   262 |   669 |  1022 |   253 ||  2521
       Large shield      |       |       |       |       |       |  1012 ||  1012
